 Dungeon Crawl Stone Soup version 0.30-a0-718-geaa24f58ff (webtiles) character file.

Game seed: 9371676052215650007

163 Darius099 the Ruffian (level 5, 50/50 HPs)
             Began as a Troll Monk on Jan 25, 2023.
             Was a Believer of Qazlal.
             Got out of the dungeon alive.
             The game lasted 00:03:41 (1594 turns).

Darius099 the Ruffian (Troll Monk)                  Turns: 1594, Time: 00:03:41

Health: 50/50      AC:  4    Str: 19    XL:     5   Next: 20%
Magic:  4/4        EV: 10    Int:  6    God:    Qazlal [**....]
Gold:   156        SH:  3    Dex: 14    Spells: 4/4 levels left

rFire   . . .      SeeInvis .      - Unarmed
rCold   . . .      Faith    .    (no shield)
rNeg    . . .      Spirit   .    a - +0 robe
rPois   .          Reflect  .    (helmet restricted)
rElec   .          Harm     .    (no cloak)
rCorr   .          Rampage  .    (gloves unavailable)
Will    .....                    (boots unavailable)
Stlth   +                        (no amulet)
HPRegen 1.08/turn                (no ring)
MPRegen 0.09/turn                (no ring)

@: no status effects
A: large, unfitting armour, claws 3, regeneration 1, shaggy fur 1, tough skin 1
a: Renounce Religion, Upheaval


You escaped.
You worshipped Qazlal.
Qazlal was pleased with you.
You visited 1 branch of the dungeon, and saw 3 of its levels.

You collected 156 gold pieces.

Inventory:

Armour
 a - a +0 robe (worn)
Wands
 q - a wand of digging (3)
Scrolls
 e - a scroll of identify {unknown}
 h - a scroll of fear {unknown}
 i - 2 scrolls of fog {unknown}
 j - 2 scrolls of vulnerability {unknown}
 o - a scroll of blinking {unknown}
 p - a scroll of immolation {unknown}
Potions
 b - a potion of ambrosia
 c - a potion of curing {unknown}
 d - 2 potions of lignification {unknown}
 f - a potion of might {unknown}
 g - 2 potions of haste {unknown}
 k - a potion of degeneration {unknown}
 l - a potion of cancellation {unknown}
 m - a potion of mutation {unknown}
 n - a potion of heal wounds {unknown}


   Skills:
 - Level 2.4 Fighting
 - Level 2.4 Dodging
 - Level 1.0 Stealth
 + Level 6.0 Unarmed Combat


You had 4 spell levels left.
You didn't know any spells.
Your spell library contained the following spells:

 Spells                   Type           Power      Damage    Failure   Level
 Sandblast                Erth           0%         2d4       45%         1
 Passwall                 Tmut/Erth      0%         N/A       58%         2
 Static Discharge         Conj/Air       0%         2-2/arc   58%         2
 Frozen Ramparts          Ice            0%         1d1       83%         3
 Stone Arrow              Conj/Erth      0%         3d7       83%         3
 Vhi's Electric Charge    Tloc/Air       0%         N/A       83%         3
 Ice Form                 Ice/Tmut       0%         N/A       99%         4
 Summon Ice Beast         Ice/Summ       0%         N/A       99%         4
 Arcjolt                  Conj/Air       0%         1d10      100%        5
 Lightning Bolt           Conj/Air       0%         1d11      100%        5


Dungeon Overview and Level Annotations

Branches:
Dungeon (3/15)

Altars:
Okawaru
Qazlal


Innate Abilities, Weirdness & Mutations

You are too large for most types of armour.
You have claws for hands.
Your natural rate of healing is unusually fast.
You are covered in fur. (AC +1)
You have tough skin. (AC +1)


Message History

Your Unarmed Combat skill increases to level 6!
No target in view!
No target in view!
No target in view!
You now have 156 gold pieces (gained 6).
Found a ring mail.
There is a fountain of clear blue water here.
g - 2 purple potions (gained 1)
There is a fountain of clear blue water here.
There is a fountain of clear blue water here.
You see here a +0 ring mail.
You open the door.
Found a flail.
No target in view!
No target in view!
No target in view!
Found a faded altar of an unknown god.
There is an open door here.
Found an iron altar of Okawaru.
Found a stone staircase leading down.
There is a faded altar of an unknown god here.
This altar belongs to (a) Qazlal, (b) Nemelex Xobeh or (c) Jiyva, but you can't tell which.
Press the corresponding letter to learn more about a god, or press enter to convert or escape to cancel.
Qazlal accepts your prayer! Qazlal welcomes you!
You are now surrounded by a storm.
You can now call upon nature to destroy your foes.
Qazlal grants you and your divine allies immunity to clouds.
Unknown command.
There is an open door here.
You see here a +0 long sword.
There is a stone staircase leading up here.
You climb upwards.
There is a stone staircase leading down here.
There is a stone staircase leading up here.
You climb upwards.
There is a stone staircase leading down here.
There is an open gate here.
There is a staircase leading out of the dungeon here.
You can't go down here!
Are you sure you want to leave the Dungeon?
This will make you lose the game!
You have escaped!

.#.###### ##.....## #.##
##.# #...#...# #># ...#
##...#...## ##.#######
####### #...###...#
#.....#... ......#
##...# #...###.....#...
......# #...##
##...##.....#... ......#
##...#####...##.....#...
......#
#.............#.........
......#
#(.....@......#.....#...
......#
###############.....#...
......# #.....####
......# ####### #######


There were no monsters in sight!

Vanquished Creatures
  An orc priest (D:3)
  An orc wizard (D:3)
  5 adders
  2 worms
  A dart slug (D:2)
  An orc (D:3)
  8 ball pythons
  7 bats
  7 endoplasms
  A giant cockroach (D:2)
  7 hobgoblins
  5 kobolds
  A frilled lizard (D:2)
  4 goblins
  2 rats (D:1)
53 creatures vanquished.

Notes
Turn   | Place    | Note
-------+----------+-------------------------------------------
     0 | D:1      | Darius099 the Troll Monk began the quest for the Orb.
     0 | D:1      | Reached XP level 1. HP: 22/22 MP: 0/0
   207 | D:1      | Reached XP level 2. HP: 29/29 MP: 1/1
   441 | D:1      | Reached skill level 4 in Unarmed Combat
   628 | D:2      | Reached XP level 3. HP: 31/36 MP: 2/2
   860 | D:2      | Reached XP level 4. HP: 44/44 MP: 3/3
   916 | D:2      | Reached skill level 5 in Unarmed Combat
  1355 | D:3      | Reached XP level 5. HP: 31/50 MP: 4/4
  1412 | D:3      | Reached skill level 6 in Unarmed Combat
  1472 | D:3      | Found a faded altar of an unknown god.
  1476 | D:3      | Found an iron altar of Okawaru.
  1479 | D:3      | Prayed at the altar of an unknown god.
  1479 | D:3      | Became a worshipper of Qazlal Stormbringer
  1479 | D:3      | Reached * piety under Qazlal
  1479 | D:3      | Reached ** piety under Qazlal
  1594 | D:$      | Got out of the dungeon alive.

Illustrated notes

Levels and vault maps discovered:
D:1:      lemuel_arrival_funnel, layout_basic
D:2:      wad_crossroads, layout_basic, chequers_mini_garden, minmay_hexomino_u4
D:3:      layout_basic, nicolae_overflow_ecumenical_swirl,
          uniq_crazy_yiuf_cottage, uniq_terence

Skill      XL: |  1  2  3  4  5 |
---------------+----------------+-----
Unarmed Combat | 4 5 6 |  6.0
Fighting       | |  2.4
Dodging        | |  2.4
Stealth        | |  1.0

Action                     |  1- 3 |  4- 6 || total
---------------------------+-------+-------++-------
  Melee: Unarmed           |    57 |    45 ||   102
         Punch             |     2 |     2 ||     4
   Stab: Sleeping          |     3 |     2 ||     5
 Armour: Robe              |    20 |    14 ||    34
  Dodge: Dodged            |    30 |    10 ||    40

Table legend: (Time is in decaauts)
 A = Elapsed time spent in this place.
 B = Non-inter-level travel time spent in this place.
 C = Inter-level travel time spent in this place.
 D = Time resting spent in this place.
 E = Time spent auto-exploring this place.
 F = Levels seen in this place.
 G = Mean time per level.
                   A        B        C        D        E       F      G
               +--------+--------+--------+--------+--------+-----+--------+
         Total |   1585 |   1441 |    144 |     15 |   1047 |   3 |  528.3 |
       Dungeon |   1585 |   1441 |    144 |     15 |   1047 |   3 |  528.3 |
               +--------+--------+--------+--------+--------+-----+--------+

Top non-repeatable levels by time:
     D:2: 667 daAuts
     D:1: 636 daAuts
     D:3: 281 daAuts
